Map: Aura de mort EC

Players

Tittania

  • Race: Protoss Protoss
  • League: Diamond
  • Spawn Location: 11:00

Stormwind - Winner!

  • Race: Protoss Protoss
  • League: Platinum
  • Spawn Location: 5:00

VOD

Have the link to the VOD?

Description

Time

  • Played on: Oct. 26, 2020, 8:53 a.m.
  • Length: 16:06
Show
View Real Time Build Order
Export as new Build Order

Tittania Protoss 

Build Orders:  

Get SALT Encoding   

  12  0:00  Probe  
  13  0:12  Probe  
  14  0:18  Pylon  
  14  0:24  Probe  
  15  0:36  Probe (Chrono Boost)  
  15  0:37  Gateway  
  16  0:47  Probe (Chrono Boost)  
  17  0:51  Assimilator  
  17  0:52  Probe (Chrono Boost)  
  18  1:03  Assimilator, Probe (Chrono Boost)  
  19  1:14  Probe (Chrono Boost)  
  20  1:19  Probe (Chrono Boost)  
  20  1:25  Cybernetics Core  
  21  1:29  Probe  
  21  1:30  Pylon  
  22  1:41  Probe  
  23  1:55  Nexus  
  23  2:03  Warp Gate (Chrono Boost)  
  23  2:04  Stalker  
  25  2:18  Pylon  
  25  2:25  Pylon  
  25  2:45  Stalker  
  27  2:51  Robotics Facility  
  27  2:56  Probe  
  27  2:57  Pylon  
  28  3:10  Probe (Chrono Boost)  
  29  3:15  Probe (Chrono Boost)  
  30  3:25  Probe x2 (Chrono Boost)  
  30  3:26  Shield Battery  
  32  3:27  Shield Battery  
  32  3:32  Probe (Chrono Boost)  
  32  3:33  Probe (Chrono Boost)  
  34  3:40  Observer  
  36  3:41  Probe (Chrono Boost)  
  36  3:44  Probe (Chrono Boost)  
  36  3:45  Twilight Council  
  37  3:49  Gateway  
  37  3:53  Probe  
  38  3:59  Pylon  
  38  4:00  Sentry  
  38  4:01  Assimilator  
  40  4:15  Immortal  
  44  4:22  Probe (Chrono Boost)  
  46  4:27  Probe (Chrono Boost)  
  46  4:28  Gateway  
  46  4:29  Charge (Chrono Boost)  
  47  4:32  Probe (Chrono Boost)  
  47  4:36  Probe (Chrono Boost)  
  47  4:37  Probe (Chrono Boost)  
  49  4:46  Probe  
  49  4:50  Pylon  
  50  4:54  Probe  
  50  4:55  Gateway  
  50  4:57  Observer (Chrono Boost)  
  50  4:58  Probe  
  53  5:01  Gateway  
  53  5:05  Assimilator  
  53  5:06  Probe  
  54  5:09  Pylon  
  54  5:13  Forge  
  54  5:16  Immortal (Chrono Boost)  
  58  5:25  Stalker x2  
  62  5:28  Stalker  
  64  5:40  Probe x2  
  66  5:49  Pylon  
  66  5:51  Gateway  
  66  5:52  Probe x2  
  66  5:53  Immortal (Chrono Boost)  
  66  5:56  Protoss Ground Weapons Level 1 (Chrono Boost)  
  72  6:04  Probe  
  72  6:10  Photon Cannon  
  73  6:12  Photon Cannon  
  73  6:23  Nexus  
  72  6:26  Pylon  
  72  6:29  Pylon  
  72  6:44  Templar Archives  
  72  6:50  Gateway  
  72  6:51  Shield Battery  
  72  6:52  Shield Battery  
  72  6:54  Shield Battery  
  72  6:58  Observer  
  72  6:59  Probe (Chrono Boost)  
  75  7:05  Probe (Chrono Boost), Gateway  
  76  7:09  Probe (Chrono Boost)  
  76  7:10  Assimilator  
  76  7:12  Assimilator  
  76  7:13  Probe (Chrono Boost)  
  76  7:14  Probe (Chrono Boost), Psionic Storm  
  77  7:16  Shield Battery  
  77  7:20  High Templar x3, Colossus x2  
  77  7:21  High Templar x3  
  90  7:47  Gateway  
  90  7:51  Gateway  
  90  7:53  Pylon  
  90  7:54  Shield Battery  
  90  7:55  Shield Battery  
  90  7:56  Shield Battery  
  90  7:57  Shield Battery  
  90  8:01  Zealot  
  90  8:02  Zealot x3  
  90  8:04  Zealot  
  100  8:19  Archon x2  
  94  8:26  Zealot x3  
  94  8:27  Zealot x3  
  97  8:28  Zealot  
  97  8:41  High Templar  
  97  8:43  Probe (Chrono Boost)  
  97  8:48  High Templar x6  
  108  8:49  Probe x2 (Chrono Boost)  
  108  8:53  Probe (Chrono Boost)  
  116  8:57  Zealot x2, Probe x2 (Chrono Boost)  
  116  8:59  Zealot  
  116  9:00  Protoss Ground Weapons Level 2 (Chrono Boost)  
  116  9:01  Observer (Chrono Boost)  
  124  9:07  Probe  
  125  9:50  Nexus  
  125  9:53  Pylon  
  125  9:54  Pylon  
  125  9:55  Pylon  
  125  9:57  Pylon  
  125  9:59  Pylon  
  125  10:01  Pylon  
  125  10:03  Pylon, Robotics Facility  
  125  10:05  Assimilator, Robotics Bay  
  125  10:09  Photon Cannon, Assimilator  
  125  10:11  Observer  
  126  10:19  Photon Cannon  
  126  10:21  Zealot x3  
  126  10:22  Zealot x5  
  143  10:35  Observer  
  143  10:40  Photon Cannon  
  143  10:45  Photon Cannon  
  143  10:47  Shield Battery  
  143  10:48  Zealot x3  
  143  10:49  Zealot x3  
  151  11:09  Probe x3  
  151  11:10  Probe  
  155  11:14  High Templar x4  
  155  11:15  High Templar x6  
  155  11:17  Extended Thermal Lance (Chrono Boost)  
  175  11:18  Archon x2  
  175  11:19  Archon x2  
  175  11:20  Archon  
  175  11:21  Probe x3, Warp Prism  
  175  11:22  Probe  
  181  11:56  Photon Cannon  
  181  11:59  Photon Cannon, Colossus x2 (Chrono Boost)  
  181  12:01  Photon Cannon  
  181  12:02  Shield Battery, Protoss Ground Weapons Level 3 (Chrono Boost)  
  181  12:04  Shield Battery  
  181  12:07  Shield Battery  
  193  12:14  High Templar  
  195  12:33  Nexus  
  195  12:36  Pylon  
  195  12:38  Pylon  
  195  12:40  Pylon  
  195  12:41  Pylon x2  
  195  12:44  Pylon  
  195  12:59  Gravitic Boosters  
  195  13:04  Zealot x2  
  199  13:19  Shield Battery  
  199  13:20  Shield Battery  
  199  13:22  Shield Battery  
  199  13:23  Shield Battery  
  199  13:24  Shield Battery  
  199  13:27  Shield Battery x2  
  199  13:29  Shield Battery  
  181  13:43  Immortal  
  181  13:44  Immortal  
  181  13:47  Zealot x2  
  181  13:48  Zealot x6  
  146  13:49  Zealot x2  
  145  14:17  High Templar x5  
  145  14:18  High Templar x5  
  145  14:21  Immortal x2 (Chrono Boost)  
  145  14:22  Archon x4  
  145  14:23  Archon  
  155  14:51  Immortal (Chrono Boost)  
  145  14:53  Immortal (Chrono Boost)  
  145  14:59  Zealot  
  115  15:00  Zealot x6  
  115  15:01  Zealot x2  
  82  15:36  Nexus  
  74  15:51  Zealot x3  
Show
View Real Time Build Order
Export as new Build Order

Stormwind Protoss - Winner!

Build Orders:  

Get SALT Encoding   

  12  0:00  Probe  
  13  0:12  Probe  
  14  0:18  Pylon  
  14  0:24  Probe (Chrono Boost)  
  15  0:37  Probe (Chrono Boost)  
  15  0:39  Gateway  
  16  0:44  Probe (Chrono Boost)  
  16  0:48  Assimilator  
  17  0:51  Probe  
  18  0:57  Assimilator  
  18  1:06  Probe  
  19  1:15  Gateway  
  19  1:18  Probe  
  20  1:30  Probe  
  20  1:32  Cybernetics Core  
  21  1:42  Probe  
  21  1:45  Pylon  
  22  1:54  Probe  
  23  2:06  Probe  
  24  2:08  Stalker x2  
  24  2:10  Warp Gate  
  28  2:28  Probe  
  29  2:40  Probe  
  29  2:42  Robotics Facility  
  30  2:52  Probe  
  31  3:09  Nexus  
  31  3:22  Shield Battery  
  31  3:32  Pylon  
  31  3:39  Pylon  
  31  3:50  Probe (Chrono Boost)  
  31  3:51  Observer (Chrono Boost)  
  33  3:59  Probe (Chrono Boost), Stalker, Sentry  
  38  4:05  Probe  
  38  4:09  Immortal (Chrono Boost)  
  42  4:17  Probe  
  42  4:18  Pylon  
  42  4:24  Probe  
  44  4:29  Probe  
  45  4:31  Stalker  
  45  4:33  Stalker  
  45  4:36  Probe  
  50  4:41  Gateway  
  50  4:43  Probe  
  51  4:48  Probe  
  51  4:51  Assimilator  
  52  4:53  Assimilator  
  52  4:54  Immortal  
  52  4:56  Probe  
  57  5:00  Probe  
  57  5:05  Stalker, Sentry  
  62  5:08  Probe  
  63  5:14  Forge  
  63  5:18  Probe  
  63  5:20  Probe  
  65  5:31  Probe  
  65  5:34  Observer  
  67  5:41  Stalker  
  69  5:58  Nexus  
  69  5:59  Pylon  
  69  6:00  Probe  
  70  6:17  Probe x2, Immortal  
  76  6:25  Shield Battery  
  76  6:28  Shield Battery  
  76  6:29  Probe x2, Protoss Ground Weapons Level 1 (Chrono Boost)  
  78  6:34  Twilight Council  
  78  6:39  Pylon  
  78  6:41  Gateway  
  78  6:42  Gateway  
  78  6:44  Gateway  
  78  6:49  Pylon  
  78  6:53  Forge  
  78  6:57  Probe  
  78  6:59  Pylon  
  79  7:05  Sentry  
  79  7:06  Stalker x2  
  85  7:10  Probe x3  
  85  7:13  Assimilator  
  88  7:16  Assimilator  
  88  7:20  Immortal  
  88  7:22  Probe  
  93  7:23  Charge  
  93  7:45  Stalker  
  93  7:46  Stalker x5  
  105  7:58  Protoss Ground Armor Level 1 (Chrono Boost)  
  105  8:01  Templar Archives  
  105  8:03  Warp Prism  
  97  8:40  Stalker  
  97  8:42  Stalker x5  
  97  8:45  Probe x3  
  110  8:55  Gateway  
  110  8:56  Protoss Ground Weapons Level 2 (Chrono Boost)  
  110  8:57  Probe x3  
  110  9:01  Gateway  
  113  9:04  Gateway  
  113  9:07  Blink  
  113  9:09  High Templar x2  
  117  9:15  Pylon  
  117  9:20  Archon  
  117  9:28  Nexus  
  117  9:33  Probe x3  
  117  9:34  Immortal  
  124  9:39  Robotics Bay  
  124  9:44  Protoss Ground Armor Level 2 (Chrono Boost)  
  124  9:59  Probe  
  125  10:00  Pylon  
  125  10:03  Pylon  
  125  10:21  Zealot x4  
  127  10:22  Robotics Facility  
  127  10:24  Pylon  
  133  10:39  Zealot x2  
  133  10:40  Zealot x3  
  139  11:02  Shield Battery  
  125  11:08  Shield Battery, Protoss Ground Weapons Level 3 (Chrono Boost)  
  125  11:12  Shield Battery  
  125  11:13  Photon Cannon  
  125  11:14  Photon Cannon  
  125  11:16  Photon Cannon  
  125  11:21  Photon Cannon  
  125  11:23  Gravitic Boosters (Chrono Boost), Disruptor  
  125  11:24  Disruptor  
  131  11:26  Shield Battery  
  131  11:30  High Templar x6  
  131  11:31  High Templar x2  
  147  11:34  Archon x3  
  147  11:35  Archon  
  147  11:36  Zealot  
  149  11:44  Pylon x2  
  149  11:47  Pylon  
  149  11:54  Gateway  
  149  11:59  High Templar, Gateway  
  151  12:02  Gateway  
  151  12:03  High Templar, Zealot x3  
  151  12:04  Zealot x3  
  151  12:06  High Templar  
  151  12:07  Gateway  
  151  12:08  Archon  
  167  12:13  Gravitic Drive  
  167  12:22  Protoss Ground Armor Level 3 (Chrono Boost)  
  167  12:29  High Templar  
  169  12:30  Zealot x5  
  169  12:33  Archon  
  169  12:34  Zealot  
  169  12:35  Zealot  
  183  12:39  Zealot  
  185  12:50  Pylon  
  185  12:51  Probe x3  
  188  12:52  Pylon  
  188  12:54  Assimilator  
  188  12:56  Assimilator  
  188  13:08  Probe  
  185  13:34  Stalker x3  
  185  13:35  Stalker x4  
  185  13:39  Stalker x4  
  188  13:42  Protoss Shields Level 1 (Chrono Boost)  
  188  13:46  Photon Cannon  
  156  13:58  Photon Cannon, Zealot x6  
  156  13:59  Zealot  
  170  14:03  High Templar  
  147  14:25  High Templar  
  147  14:26  High Templar x4  
  147  14:27  High Templar x2  
  161  14:38  Pylon  
  161  14:40  Pylon  
  161  14:42  Pylon  
  161  14:43  Pylon x2  
  161  14:46  Zealot x2  
  131  15:00  Archon  
  131  15:01  Archon x2  
  111  15:08  Zealot x2  
  111  15:09  Zealot x3  
  117  15:17  Zealot x2, Archon  
  117  15:18  Zealot x4  
  123  15:31  Zealot x2  
  123  15:32  Zealot x3  
  105  15:58  Zealot x4  
  105  15:59  Zealot x2  
Tags
 
Add a new tag
Caveats
  • Supply blocks, unpowered buildings, or Contaminate may cause inaccurate times.
  • Supply counts are checked every 10 seconds.